 Dungeon Crawl Stone Soup version 0.31.0-2-g5a2aebc5c2 (webtiles) character file.

Game seed: 17175219550939465701

35 Arctor the Vexing (level 3, -2/21 HPs)
             Began as a Kobold Hexslinger on Jan 21, 2024.
             Slain by Natasha (3 damage)
             ... on level 2 of the Dungeon.
             The game lasted 00:00:31 (785 turns).

Arctor the Vexing (Kobold Hexslinger)                Turns: 785, Time: 00:00:31

Health: -2/21      AC:  2    Str:  5    XL:     3   Next: 52%
Magic:  5/5        EV: 15    Int: 14    God:
Gold:   87         SH:  0    Dex: 19    Spells: 5/5 levels left

rFire   . . .        a - +1 sling
rCold   . . .        (no shield)
rNeg    . . .        c - +0 robe
rPois   .            (no helmet)
rElec   .            (no cloak)
rCorr   .            (no gloves)
SInv    .            (no boots)
Will    .....        (no amulet)
Stlth   +++          (no ring)
HPRegen 0.23/turn    (no ring)
MPRegen 0.09/turn

%: no passive effects
@: slowed, very slow
A: small, no large weapons, nightstalker 3
a: no special abilities


You were on level 2 of the Dungeon.
You visited 1 branch of the dungeon, and saw 2 of its levels.

You collected 87 gold pieces.

Inventory:

Hand Weapons
 a - a +1 sling (weapon)
Armour
 c - a +0 robe (worn)
Jewellery
 k - a ring of ice
Scrolls
 b - a scroll of poison
 e - 2 scrolls of noise {unknown}
 g - 2 scrolls of identify {unknown}
 h - a scroll of teleportation {unknown}
 i - a scroll of blinking {unknown}
 j - a scroll of enchant weapon {unknown}
 l - a scroll of amnesia {unknown}
Potions
 d - a potion of lignification {unknown}
 f - 2 potions of ambrosia {unknown}
 m - a potion of mutation {unknown}


   Skills:
 + Level 1.7 Fighting
 + Level 3.1 Ranged Weapons
 + Level 2.8 Dodging
 + Level 1.6 Spellcasting
 + Level 3.2 Hexes
 + Level 1.4 Fire Magic


You had 5 spell levels left.
You didn't know any spells.
Your spell library contained the following spells:

 Spells                   Type           Power      Damage    Failure   Level
 Jinxbite                 Hex            20%        N/A       10%         2
 Sigil of Binding         Hex            10%        N/A       21%         3
 Inner Flame              Hex/Fire       7%         N/A       28%         3
 Cause Fear               Hex            5%         N/A       54%         4
 Dimensional Bullseye     Hex/Tloc       2%         N/A       77%         4


Dungeon Overview and Level Annotations

Branches:
Dungeon (2/15)

Altars:

Shops:
D:1 [

Annotations:
D:2 Natasha


Innate Abilities, Weirdness & Mutations

You are small and have problems with some larger weapons.
You are completely attuned to the shadows.


Message History

You shoot a sling bullet. The sling bullet hits the goblin.
You kill the goblin!
You hear an angry hiss.
The rat closely misses you.
Natasha, Servant of Life and Death comes into view.
You shoot a sling bullet. The sling bullet hits the rat.
The rat is severely wounded.
The rat misses you. The rat bites you but does no damage.
You shoot a sling bullet. The sling bullet hits the rat.
You kill the rat!
Natasha barely misses you.
You shoot a sling bullet. The sling bullet hits Natasha!
Natasha is heavily wounded.
Natasha casts a spell at you.
You feel yourself slow down.
You shoot a sling bullet.
The sling bullet closely misses Natasha.
Natasha stares at you and mumbles some strange words.
You feel as though you will be slow longer.
Natasha barely misses you.
You shoot a sling bullet. The sling bullet hits Natasha.
Natasha is heavily wounded.
Natasha stares at you and mumbles some strange words.
You resist with significant effort.
Unknown command.
You shoot a sling bullet.
The sling bullet closely misses Natasha.
Natasha stares at you and mumbles some strange words.
The magic dart hits you! Natasha misses you.
You shoot a sling bullet. The sling bullet barely misses Natasha.
Natasha closely misses you. Natasha claws you.
You shoot a sling bullet. The sling bullet barely misses Natasha.
Natasha claws you. Natasha closely misses you.
You shoot a sling bullet. The sling bullet barely misses Natasha.
Natasha casts a spell at you. The magic dart hits you.
* * * LOW HITPOINT WARNING * * *
Natasha claws you.
You die...
Natasha curls up and begins to purr.

#.# #.# #.#
#........ #.#
........... #.#
............ ..#
.†.......... .##
........### <.#
....).....# #†#.#
...h@#....##
#.#.#
.....#.....#
#.#.#
.....#.....######
#.#.###
.....#..........#
.......
..........>.....#
....###
#####......#
.####### #......#
.#.....#
####.######
.....#.#
#.......#


You could see Natasha.

Vanquished Creatures
  An adder (D:2)
  A dart slug (D:1)
  3 bats (D:1)
  2 endoplasms (D:2)
  2 goblins (D:2)
  3 hobgoblins
  3 quokkas (D:1)
  2 ball pythons (D:1)
  2 frilled lizards
  3 rats
22 creatures vanquished.

Notes
Turn   | Place    | Note
-------+----------+-------------------------------------------
     0 | D:1      | Arctor the Kobold Hexslinger began the quest for the Orb.
     0 | D:1      | Reached XP level 1. HP: 12/12 MP: 2/2
    95 | D:1      | Found Tugeubapt's Antique Armour Boutique.
   179 | D:1      | Reached XP level 2. HP: 16/16 MP: 3/3
   602 | D:2      | Reached XP level 3. HP: 12/20 MP: 5/5
   776 | D:2      | Noticed Natasha
   785 | D:2      | HP: 1/21 [Natasha/magic dart (6)]
   785 | D:2      | Slain by Natasha

Illustrated notes

Levels and vault maps discovered:
D:1:      mrwooster_arrival_arrow, layout_rooms, serial_shops, shop,
          minmay_strange_pillars
D:2:      layout_basic, chequers_avenue, uniq_natasha

Skill      XL: |  1  2 |
---------------+-------+-----
Ranged Weapons | 3 |  3.1
Fighting       | |  1.7
Dodging        | |  2.8
Spellcasting   | |  1.6
Hexes          | |  3.2
Fire Magic     | |  1.4

Action                     || total
---------------------------++-------
   Fire: Sling             ||    66
 Armour: Robe              ||    19
  Dodge: Dodged            ||    23
